 Dungeon Crawl Stone Soup version 0.30-a0-782-ge64f9170bb (webtiles) character file.

Game seed: 16015345263367915144

45 theswoord the Shooter (level 3, -3/20 HPs)
             Began as a Deep Elf Hunter on Mar 14, 2023.
             Slain by a gnoll
             ... wielding a +0 flail
              (5 damage)
             ... on level 2 of the Dungeon on Mar 15, 2023.
             The game lasted 00:02:13 (1016 turns).

theswoord the Shooter (Deep Elf Hunter)             Turns: 1016, Time: 00:02:14

Health: -3/20      AC:  9    Str:  8    XL:     3   Next: 42%
Magic:  5/5        EV:  8    Int: 13    God:
Gold:   83         SH:  0    Dex: 20    Spells: 2/2 levels left

rFire   . . .      SeeInvis .    a - +0 shortbow
rCold   . . .      Faith    .    (shield currently unavailable)
rNeg    . . .      Spirit   .    m - +0 scale mail
rPois   .          Reflect  .    (no helmet)
rElec   .          Harm     .    k - +2 cloak
rCorr   +          Rampage  .    (no gloves)
Will    .....                    (no boots)
Stlth   +                        (no amulet)
HPRegen 0.23/turn                f - +4 ring of slaying
MPRegen 0.09/turn                o - ring of resist corrosion

@: no status effects
A: no striking features
a: no special abilities


You were on level 2 of the Dungeon.
You visited 1 branch of the dungeon, and saw 2 of its levels.

You collected 83 gold pieces.

Inventory:

Hand Weapons
 a - a +0 shortbow (weapon)
Armour
 c - a +0 leather armour
 k - a +2 cloak (worn)
 m - a +0 scale mail (worn)
Jewellery
 f - a +4 ring of slaying (left hand)
 g - a ring of wizardry
 o - a ring of resist corrosion (right hand)
Scrolls
 b - a scroll of immolation
 e - 4 scrolls of identify
Potions
 d - a potion of haste
 j - a potion of degeneration
 l - a potion of cancellation


   Skills:
 - Level 1.5 Fighting
 + Level 7.0 Ranged Weapons
 - Level 2.4 Dodging
 - Level 1.2 Stealth


You had 2 spell levels left.
You didn't know any spells.
Your spell library contained the following spells:

 Spells                   Type           Power      Damage    Failure   Level
 Kiss of Death            Conj/Necr      0%         2d5       97%         1
 Ensorcelled Hibernation  Hex/Ice        0%         N/A       99%         2
 Confusing Touch          Hex            0%         N/A       100%        3
 Spider Form              Tmut/Pois      0%         N/A       100%        3
 Anguish                  Hex/Necr       0%         N/A       100%        4
 Dispel Undead            Necr           0%         3d6       100%        4


Dungeon Overview and Level Annotations

Branches:
Dungeon (2/15)

Altars:


Message History

No target in view!
No target in view!
A goblin comes into view. It is wielding a +0 club.
The goblin shouts!
A goblin is nearby!
You shoot an arrow. The arrow closely misses the goblin.
You shoot an arrow. The arrow barely misses the goblin.
You shoot an arrow. The arrow hits the goblin!
You kill the goblin!
You see here a +0 club. 3 gnolls come into view.
The gnoll shouts! x3; You hear a shout!
A gnoll comes into view. It is wielding a +0 club.
You shoot an arrow. The arrow closely misses the gnoll.
The arrow hits the gnoll!
You kill the gnoll!
Your Ranged Weapons skill increases to level 7!
You shoot an arrow. The arrow barely misses the gnoll.
The arrow hits the gnoll!
There are monsters nearby!
You shoot an arrow. The arrow closely misses the gnoll.
The arrow completely misses the gnoll.
The gnoll hits you with a +0 club.
You shoot an arrow. The arrow hits the gnoll.
The gnoll closely misses you. The gnoll hits you but does no damage.
The gnoll attacks as you move away! The gnoll hits you with a +0 flail.
You see here a +0 club.
The gnoll attacks as you move away! The gnoll hits you with a +0 flail.
The gnoll attacks as you move away! The gnoll hits you but does no damage.
The gnoll attacks as you move away! The gnoll hits you with a +0 flail.
You shoot an arrow. The arrow completely misses the gnoll.
The gnoll hits you with a +0 flail.
* * * LOW HITPOINT WARNING * * *
The gnoll hits you but does no damage.
You shoot an arrow. The arrow hits the gnoll.
The gnoll hits you with a +0 flail.
* * * LOW HITPOINT WARNING * * *
Okay, then.
The gnoll attacks as you move away! The gnoll hits you but does no damage.
The gnoll attacks as you move away! The gnoll hits you with a +0 flail.
You die...

#.#..# ### ##
###.#..##### ..
#..........# #.
#..g....##. ###.###
#..)#...##. #.....#
#...#...##.##
##.....####..##...#...##
#.......g.g..##.........
#......@###..###..#)..##
#.......###..# #..#..>##
...#####..##..#
#........ # #..##..#
#.......# #.#####.>....#
##......# #............#
#.#...## ####..##.##..#
#.##.## #..##.##..#
#.##.# #..##.##..#
#.##.#


You could see 2 gnolls.

Vanquished Creatures
  A gnoll (D:2)
  2 worms (D:2)
  A dart slug (D:1)
  4 ball pythons (D:1)
  An endoplasm (D:1)
  4 goblins
  5 hobgoblins (D:1)
  3 bats (D:1)
  A frilled lizard (D:1)
  3 kobolds
  3 rats
28 creatures vanquished.

Notes
Turn   | Place    | Note
-------+----------+-------------------------------------------
     0 | D:1      | theswoord the Deep Elf Hunter began the quest for the Orb.
     0 | D:1      | Reached XP level 1. HP: 12/12 MP: 3/3
   385 | D:1      | Reached skill level 6 in Ranged Weapons
   385 | D:1      | Reached XP level 2. HP: 16/16 MP: 4/4
   943 | D:2      | Reached XP level 3. HP: 20/20 MP: 5/5
  1004 | D:2      | Reached skill level 7 in Ranged Weapons
  1014 | D:2      | HP: 1/20 [gnoll/+0 flail (6)]
  1016 | D:2      | Slain by a gnoll

Skill      XL: |  1  2  3 |
---------------+----------+-----
Ranged Weapons | 6 7 |  7.0
Fighting       | |  1.5
Dodging        | |  2.4
Stealth        | |  1.2

Action                     || total
---------------------------++-------
   Fire: Shortbow          ||    73
    Use: Scroll            ||     7
 Armour: Leather armour    ||     6
         Scale mail        ||    15
  Dodge: Dodged            ||    19

Levels and vault maps discovered:
D:1:      sevenhm_arrival_forest_fort_small_4, layout_basic
D:2:      layout_loops_ring
